 Dungeon Crawl Stone Soup version 0.31-a0-848-gaac375c287 (webtiles) character file.

Game seed: 4514755192813809652

56 rageheart7 the Chopper (level 3, -1/35 HPs)
             Began as a Hill Orc Monk on Oct 5, 2023.
             Slain by Terence
             ... wielding a +0 trident
              (8 damage)
             ... on level 3 of the Dungeon.
             The game lasted 00:01:21 (1713 turns).

rageheart7 the Chopper (Hill Orc Monk)              Turns: 1713, Time: 00:01:21

Health: -1/35      AC:  8    Str: 15    XL:     3   Next: 97%
Magic:  3/3        EV:  7    Int: 10    God:
Gold:   81         SH:  0    Dex: 13    Spells: 2/2 levels left

rFire   . . .        a - +0 hand axe
rCold   . . .        d - orb {light}
rNeg    . . .        i - +0 chain mail
rPois   .            (no helmet)
rElec   .            (no cloak)
rCorr   .            (no gloves)
SInv    .            (no boots)
Will    .....        (no amulet) Stlth
                     (no ring)
HPRegen 0.25/turn    (no ring)
MPRegen 0.08/turn

%: no passive effects
@: glowing
A: no striking features
a: no special abilities


You were on level 3 of the Dungeon.
You visited 1 branch of the dungeon, and saw 3 of its levels.

You collected 81 gold pieces.

Inventory:

Hand Weapons
 a - a +0 hand axe (weapon)
Armour
 d - an orb of light (worn)
 i - a +0 chain mail (worn)
Jewellery
 k - an amulet of the acrobat
Scrolls
 e - 2 scrolls of identify {unknown}
 f - 2 scrolls of revelation {unknown}
 g - a scroll of teleportation {unknown}
 h - 2 scrolls of vulnerability {unknown}
 j - a scroll of immolation {unknown}
 l - a scroll of blinking {unknown}
 m - a scroll of fog {unknown}
 n - a scroll of enchant armour {unknown}
 o - a scroll of fear {unknown}
Potions
 b - a potion of heal wounds {unknown}
 c - 2 potions of ambrosia


   Skills:
 * Level 4.8 Fighting
 * Level 5.2 Axes
 - Level 2.4 Dodging


You had 2 spell levels left.
You didn't know any spells.
Your spell library contained the following spells:

 Spells                   Type           Power      Damage    Failure   Level
 Kiss of Death            Conj/Necr      0%         2d5       99%         1
 Confusing Touch          Hex            0%         N/A       100%        3
 Dispel Undead            Necr           0%         3d6       100%        4


Dungeon Overview and Level Annotations

Branches:
Dungeon (3/15)

Altars:

Annotations:
D:3 Terence


Message History

Terence is heavily wounded.
Terence hits you with a +0 trident.
You are too injured to fight recklessly!
You are too injured to fight recklessly!
You are too injured to fight recklessly!
You are too injured to fight recklessly!
You are too injured to fight recklessly!
You are too injured to fight recklessly!
You are too injured to fight recklessly!
You are too injured to fight recklessly!
You are too injured to fight recklessly!
You are too injured to fight recklessly!
You are too injured to fight recklessly!
You are too injured to fight recklessly!
You are too injured to fight recklessly!
You are too injured to fight recklessly!
You are too injured to fight recklessly!
You hit Terence but do no damage.
Terence is heavily wounded.
Terence hits you but does no damage.
You hit Terence but do no damage.
Terence is heavily wounded.
Terence hits you but does no damage.
You hit Terence but do no damage.
Terence is heavily wounded.
Terence hits you but does no damage.
You completely miss Terence.
Terence is heavily wounded.
Terence closely misses you.
You hit Terence but do no damage.
Terence is heavily wounded.
Terence hits you with a +0 trident!
You hit Terence but do no damage.
Terence is heavily wounded.
Terence hits you with a +0 trident.
* * * LOW HITPOINT WARNING * * *
You hit Terence.
Terence is severely wounded.
Terence hits you with a +0 trident!
You die...

#.........# #.......#
#.#
#.........######.....>.#
#.#
+......)..'...##....#..#
#.#
#.......†.###.##....#..#
#..
#.........'.#.......#..#
#.........#.#######.#..#
#.........#.........#..#
#.........###########..#
#.........'.@@...... ...
#.........######....
########### .


You could see Terence.

Vanquished Creatures
  3 adders (D:2)
  An endoplasm (D:2)
  2 goblins
  5 hobgoblins
  A quokka (D:1)
  4 ball pythons
  6 bats
  2 frilled lizards (D:2)
  4 kobolds
  4 rats
32 creatures vanquished.

Notes
Turn   | Place    | Note
-------+----------+-------------------------------------------
     0 | D:1      | rageheart7 the Hill Orc Monk began the quest for the Orb.
     0 | D:1      | Reached XP level 1. HP: 19/19 MP: 1/1
    45 | D:1      | You fall into a shaft and drop 1 floor!
   100 | D:2      | Reached XP level 2. HP: 6/27 MP: 2/2
   117 | D:2      | Reached XP level 3. HP: 12/34 MP: 3/3
  1072 | D:2      | Reached skill level 5 in Axes
  1696 | D:3      | Noticed Terence
  1713 | D:3      | Slain by Terence

Illustrated notes

Levels and vault maps discovered:
D:1:      lightli_arrival_boilingwater, layout_basic
D:2:      layout_loops_cross, minmay_misc_feat_x, st_stairs_8
D:3:      layout_basic, serial_shops, shop, grunt_ministairs_10,
          kennysheep_small_spiral, uniq_terence, uniq_natasha

Skill      XL: |  1  2  3 |
---------------+----------+-----
Fighting       | 4 |  4.8
Axes           | 5 |  5.2
Dodging        | |  2.4

Action                     || total
---------------------------++-------
  Melee: Hand axe          ||   101
    Use: Potion            ||     1
 Armour: Robe              ||    26
         Chain mail        ||    42
  Dodge: Dodged            ||    53

Table legend: (Time is in decaauts)
 A = Elapsed time spent in this place.
 B = Non-inter-level travel time spent in this place.
 C = Inter-level travel time spent in this place.
 D = Time resting spent in this place.
 E = Time spent auto-exploring this place.
 F = Levels seen in this place.
 G = Mean time per level.
                   A        B        C        D        E       F      G
               +--------+--------+--------+--------+--------+-----+--------+
         Total |   1721 |   1658 |     63 |      0 |   1414 |   3 |  573.7 |
       Dungeon |   1721 |   1658 |     63 |      0 |   1414 |   3 |  573.7 |
               +--------+--------+--------+--------+--------+-----+--------+

Top non-repeatable levels by time:
     D:1: 909 daAuts
     D:2: 623 daAuts
     D:3: 189 daAuts
